 Dungeon Crawl Stone Soup version 0.31-a0-263-ge8cad7f256 (webtiles) character file.

Game seed: 7071258049849319348

177 qw the Shooter (level 5, 0/45 HPs)
             Began as a Minotaur Hexslinger on July 13, 2023.
             Was an Initiate of Okawaru.
             Slain by a gnoll
             ... wielding a +0 whip
              (7 damage)
             ... on level 4 of the Dungeon.
             The game lasted 00:01:03 (2402 turns).

qw the Shooter (Minotaur Hexslinger)                Turns: 2402, Time: 00:01:04

Health: 0/45       AC:  9    Str: 12    XL:     5   Next: 31%
Magic:  5/5        EV: 11    Int: 10    God:    Okawaru [......]
Gold:   124        SH:  0    Dex: 15    Spells: 5/6 levels left

rFire   + . .        Y - +1 sling
rCold   . . .        (no shield)
rNeg    . . .        f - +1 ring mail {rPois}
rPois   +            (helmet restricted)
rElec   .            (no cloak)
rCorr   +            l - +1 pair of gloves
SInv    .            e - +0 pair of boots
Will    .....        (no amulet)
Stlth   +            d - ring of resist corrosion
HPRegen 0.27/turn    i - ring of protection from fire
MPRegen 0.09/turn

%: no passive effects
@: no status effects
A: horns 2, retaliatory headbutt
a: Renounce Religion


You were on level 4 of the Dungeon.
You worshipped Okawaru.
Okawaru was noncommittal.
You visited 1 branch of the dungeon, and saw 4 of its levels.

You collected 244 gold pieces.
You spent 120 gold pieces at shops.


Innate Abilities, Weirdness & Mutations

You have a pair of horns on your head.
You reflexively headbutt those who attack you in melee.


   Skills:
 - Level 3.1 Fighting
 + Level 5.3 Ranged Weapons
 - Level 1.0 Armour
 - Level 2.1 Dodging
 - Level 1.0 Spellcasting
 - Level 2.0 Hexes


You had 5 spell levels left.
You knew the following spells:

 Your Spells              Type           Power      Damage    Failure   Level
a - Slow                  Hex            16%        N/A       34%         1

Your spell library contained the following spells:

 Spells                   Type           Power      Damage    Failure   Level
 Inner Flame              Hex/Fire       2%         N/A       83%         3
 Portal Projectile        Hex/Tloc       4%         N/A       83%         3
 Cause Fear               Hex            2%         N/A       98%         4

Inventory:

Hand Weapons
 Y - a +1 sling (weapon)
Armour
 e - a +0 pair of boots (worn)
 f - a +1 ring mail of poison resistance (worn)
 l - a +1 pair of gloves (worn)
Jewellery
 d - a ring of resist corrosion (left hand)
 i - a ring of protection from fire (right hand)
Scrolls
 b - a scroll of identify
Potions
 c - a potion of haste
 g - a potion of heal wounds {unknown}
 h - 2 potions of mutation
 j - 2 potions of curing
 k - a potion of enlightenment

Dungeon Overview and Level Annotations

Branches:
Dungeon (4/15)
 Temple: D:4-7

Altars:
Dithmenos
Okawaru
Ru

Shops:
D:2 *?((=


Message History

The sling bullet hits the gnoll but does no damage.
The gnoll is heavily wounded.
The jackal bites you but does no damage.
The gnoll closely misses you. x2; The gnoll hits you with a +0 whip.
The jackal barely misses you. You furiously retaliate!
You headbutt the jackal!
You kill the jackal!
Okawaru accepts your kill.
You shoot a sling bullet. The sling bullet hits the gnoll.
The gnoll is almost dead.
A jackal comes into view.
The jackal bites you but does no damage.
The scorpion closely misses you. You furiously retaliate!
You headbutt the scorpion.
The gnoll hits you but does no damage. x3
The scorpion stings you. The jackal closely misses you.
You shoot a sling bullet.
The sling bullet closely misses the gnoll.
The sling bullet hits the jackal.
The jackal is moderately wounded.
The gnoll closely misses you. You furiously retaliate!
You headbutt the gnoll. The gnoll hits you with a +0 whip. x2
The jackal bites you but does no damage.
The scorpion stings you. The gnoll hits you with a +0 whip.
The gnoll hits you but does no damage. The gnoll completely misses you.
You shoot a sling bullet. The sling bullet hits the gnoll.
The gnoll is almost dead.
The jackal misses you. You furiously retaliate!
You headbutt the jackal. The scorpion barely misses you.
The jackal bites you but does no damage.
The gnoll barely misses you. The gnoll hits you but does no damage.
The gnoll hits you with a +0 club.
The scorpion stings you but does no damage.
You shoot a sling bullet.
The sling bullet barely misses the gnoll.
The sling bullet hits the jackal.
You kill the jackal!
Okawaru accepts your kill.
The jackal bites you but does no damage.
The scorpion stings you. The gnoll hits you but does no damage.
The gnoll hits you with a +0 whip!
You die...

......... ....
........##...
........#...
..........h
..........
.........
.......h##
#....)ggh#
......g@#>.o.#
......s.#
.o.o.
........# #...
......### ..
#..... .
####.. ... ..#


You could see a scorpion, 3 gnolls and 2 jackals.

Vanquished Creatures
  An orc priest (D:3)
  Ijyb (D:3)
  5 adders
  A worm (D:3)
  2 dart slugs (D:2)
  4 orcs (D:3)
  6 ball pythons
  2 bats
  7 endoplasms
  11 giant cockroaches
  4 hobgoblins
  6 jackals
  A quokka (D:2)
  3 frilled lizards (D:2)
  5 goblins
  4 kobolds
  2 rats
65 creatures vanquished.

Notes
Turn   | Place    | Note
-------+----------+-------------------------------------------
     0 | D:1      | qw the Minotaur Hexslinger began the quest for the Orb.
     0 | D:1      | Reached XP level 1. HP: 16/16 MP: 1/1
     0 | D:1      | 0 ||| qw: Version: 0.3-a-52-g30416fa
     0 | D:1      | 0 ||| qw: Game counter: 7215
     0 | D:1      | 0 ||| qw: Melee chars always use a shield: true
     0 | D:1      | 0 ||| qw: God list: Okawaru
     0 | D:1      | 0 ||| qw: Allow faded altars: false
     0 | D:1      | 0 ||| qw: Do Orc after clearing Dungeon:15 true
     0 | D:1      | 0 ||| qw: Do second Lair branch before Depths: true
     0 | D:1      | 0 ||| qw: Lair rune preference: random
     0 | D:1      | 0 ||| qw: Goals: Normal
     0 | D:1      | 0 ||| PLANNING D:1-11
   272 | D:1      | Reached skill level 3 in Ranged Weapons
   276 | D:1      | Reached XP level 2. HP: 23/23 MP: 2/2
   628 | D:1      | 628 ||| UPGRADING to +0 leather armour.
   638 | D:1      | 638 ||| DROPPING +0 robe.
   639 | D:1      | 639 ||| UPGRADING to +0 pair of boots.
   644 | D:1      | 644 ||| UPGRADING to +1 ring mail of poison resistance.
   654 | D:1      | 654 ||| DROPPING +0 leather armour.
   655 | D:1      | 655 ||| UPGRADING to +0 pair of gloves.
   660 | D:1      | 660 ||| READING scroll labelled PUILUASHUU.
   661 | D:1      | 661 ||| READING scroll labelled QUWESK MIAZEOXAEH.
   662 | D:1      | 662 ||| DROPPING scroll of poison.
   697 | D:2      | Found Dikapn's Magic Scroll Shop.
   702 | D:2      | 702 ||| SHOPLISTING scroll of enchant armour (90 gold, have
                  | 87).
   702 | D:2      | 702 ||| BUYING scroll of identify (24 gold).
   702 | D:2      | Bought a scroll of identify for 24 gold pieces
   770 | D:2      | Reached skill level 1 in Armour
   772 | D:2      | Reached XP level 3. HP: 24/29 MP: 3/3
   877 | D:2      | Found Ikuesyla's Jewellery Boutique.
   889 | D:2      | Found an iron altar of Okawaru.
   890 | D:2      | 890 ||| PLANNING OKAWARU WORSHIP
   890 | D:2      | 890 ||| READING scroll labelled USYNOACAEW.
   891 | D:2      | 891 ||| READING scroll labelled FUIXEH BIZEDOFIAD.
   895 | D:2      | 895 ||| FLEEEEING.
   946 | D:2      | 946 ||| FLEEEEING.
   948 | D:2      | 948 ||| Stepping ~*~*~tactically~*~*~ (outnumbered).
   949 | D:2      | 949 ||| Stepping ~*~*~tactically~*~*~ (outnumbered).
   961 | D:2      | Became a worshipper of Warmaster Okawaru
   962 | D:2      | 962 ||| PLANNING D:1-11
   970 | D:2      | 970 ||| SHOPLISTING ring of Raside {rF+ rC+ Str-5 Dex+4}
                  | (369 gold, have 117).
   970 | D:2      | 970 ||| SHOPLISTING ring of fire (250 gold, have 117).
   970 | D:2      | 970 ||| SHOPLISTING ring of poison resistance (200 gold,
                  | have 117).
   970 | D:2      | 970 ||| SHOPLISTING ring of positive energy (200 gold, have
                  | 117).
   970 | D:2      | 970 ||| SHOPLISTING ring of protection from cold (250 gold,
                  | have 117).
   970 | D:2      | 970 ||| SHOPLISTING ring of see invisible (150 gold, have
                  | 117).
   988 | D:2      | Found Piworphi's Antique Weapon Boutique.
  1030 | D:2      | Found Baihouh's General Store.
  1035 | D:2      | 1035 ||| BUYING potion of mutation (96 gold).
  1035 | D:2      | Bought a potion of mutation for 96 gold pieces
  1046 | D:2      | Found Nunao's Antique Weapon Shop.
  1051 | D:2      | 1051 ||| SHOPLISTING orcbow (56 gold, have 36).
  1261 | D:2      | Reached skill level 4 in Ranged Weapons
  1373 | D:2      | Reached XP level 4. HP: 36/36 MP: 4/4
  1498 | D:2      | 1498 ||| READING scroll labelled RERCHE ZADDAMP.
  1499 | D:2      | 1499 ||| READING scroll labelled JOYFEQOTUCH.
  1500 | D:2      | 1500 ||| DRINKING 2 white potions.
  1501 | D:2      | 1501 ||| DRINKING 2 silvery potions.
  1502 | D:2      | 1502 ||| READING 2 scrolls of identify.
  1502 | D:2      | 1502 ||| IDENTIFYING lumpy blue potion
  1583 | D:3      | Found a shadowy altar of Dithmenos.
  1877 | D:3      | Reached skill level 5 in Ranged Weapons
  1891 | D:3      | Noticed Ijyb
  1907 | D:3      | Killed Ijyb
  1908 | D:3      | Reached XP level 5. HP: 41/44 MP: 5/5
  1922 | D:3      | Found a sacrificial altar of Ru.
  1946 | D:3      | Found an iron altar of Okawaru.
  1953 | D:3      | Reached skill level 3 in Fighting
  2296 | D:3      | 2296 ||| READING scroll of enchant armour.
  2296 | D:3      | 2296 ||| ENCHANTING +0 pair of gloves.
  2344 | D:3      | 2344 ||| UPGRADING to ring of resist corrosion.
  2345 | D:3      | 2345 ||| UPGRADING to ring of protection from fire.
  2346 | D:3      | 2346 ||| READING scroll labelled CIXZIL OSSIGIWK.
  2347 | D:3      | 2347 ||| READING 2 scrolls of identify.
  2347 | D:3      | 2347 ||| IDENTIFYING amethyst potion
  2348 | D:3      | 2348 ||| DROPPING potion of brilliance.
  2395 | D:4      | 2395 ||| Stepping ~*~*~tactically~*~*~ (outnumbered).
  2401 | D:4      | HP: 11/45 [gnoll/+0 club (1)]
  2402 | D:4      | Slain by a gnoll

Levels and vault maps discovered:
D:1:      minmay_arrival_checkered_box, layout_loops_cross, due_unseen_surprise
D:2:      minmay_inner_zag, layout_loops_ring, basic_altar, serial_shops, shop,
          nicolae_shop_rolling_square, shop, shop, shop
D:3:      minmay_roachtagon, layout_loops_ring, nicolae_overflow_crystal_walls,
          nicolae_ru_awakened_eye, mainiacjoe_overflow_cross_hatched, uniq_ijyb
D:4:      layout_cave_pools

Skill      XL: |  1  2  3  4  5 |
---------------+----------------+-----
Ranged Weapons | 3 4 5 |  5.3
Fighting       | 2 3 |  3.1
Armour         | 1 |  1.0
Dodging        | |  2.1
Spellcasting   | |  1.0
Hexes          | |  2.0

Action                     |  1- 3 |  4- 6 || total
---------------------------+-------+-------++-------
   Fire: Sling             |   117 |   112 ||   229
    Use: Scroll            |     4 |     6 ||    10
         Potion            |       |     2 ||     2
 Armour: Robe              |     1 |       ||     1
         Ring mail         |    47 |    38 ||    85
  Dodge: Dodged            |    50 |    51 ||   101

Table legend:
 A = Non-vault XP
 B = Vault XP
 C = Vault XP percentage of total XP
 D = Non-vault monster count
 E = Vault monster count
 F = Vault count percentage of total count
                 A         B        C        D         E       F
            +---------+---------+-------+---------+---------+-------
      Total |     187 |      69 |  27.0 |      48 |      17 |  26.2
            +---------+---------+-------+---------+---------+-------
        D:1 |      14 |       0 |   0.0 |       9 |       0 |   0.0
        D:2 |      78 |      15 |  16.1 |      20 |       7 |  25.9
        D:3 |      91 |      54 |  37.2 |      17 |      10 |  37.0
        D:4 |       4 |       0 |   0.0 |       2 |       0 |   0.0
            +---------+---------+-------+---------+---------+-------
